Map: Lost and Found LE

Players

Has - Winner!

  • Race: Protoss Protoss
  • Spawn Location: 7:00

Elazer

  • Race: Zerg Zerg
  • Spawn Location: 1:00

Event: WCS Valencia 2018

VOD

Have the link to the VOD?

Description

Time

  • Played on: July 12, 2018, 12:39 p.m.
  • Length: 7:07

All games in this series

Show
View Real Time Build Order
Export as new Build Order

Has Protoss - Winner!

Build Orders: Oracle Opening 

Get SALT Encoding   

  12  0:00  Probe  
  13  0:12  Probe  
  14  0:19  Pylon  
  14  0:22  Probe  
  15  0:33  Probe  
  15  0:39  Gateway  
  16  0:44  Probe  
  16  0:49  Assimilator  
  17  0:55  Probe  
  18  1:03  Forge, Probe  
  19  1:11  Probe  
  20  1:26  Pylon  
  20  1:36  Pylon  
  20  1:38  Pylon  
  20  1:44  Photon Cannon  
  20  1:46  Photon Cannon  
  20  1:49  Cybernetics Core  
  21  1:58  Pylon  
  21  2:00  Probe  
  21  2:06  Photon Cannon  
  21  2:09  Probe  
  21  2:14  Assimilator  
  22  2:17  Probe  
  23  2:28  Stargate, Probe  
  24  2:40  Probe  
  24  2:42  Adept  
  27  2:53  Warp Gate  
  27  3:05  Oracle  
  27  3:07  Nexus  
  30  3:22  Pylon  
  30  3:25  Probe  
  31  3:37  Probe  
  32  3:43  Photon Cannon  
  35  3:49  Void Ray  
  36  4:04  Robotics Facility  
  34  4:14  Shield Battery  
  36  4:24  Shield Battery  
  36  4:28  Pylon  
  33  4:35  Void Ray  
  37  4:39  Probe  
  37  4:41  Immortal  
  42  5:02  Shield Battery, Stalker  
  44  5:07  Shield Battery  
  44  5:10  Immortal  
  48  5:29  Pylon  
  48  5:37  Shield Battery  
  48  5:41  Probe  
  50  5:45  Sentry  
  50  5:49  Shield Battery  
  51  5:50  Pylon  
  51  5:52  Immortal  
  55  6:03  Probe x2  
  57  6:15  Probe x2  
  59  6:19  Sentry  
  61  6:27  Probe  
  61  6:28  Probe  
  61  6:32  Pylon  
  61  6:34  Pylon  
  61  6:35  Pylon  
  61  6:44  Probe  
  60  6:47  Probe  
Show
View Real Time Build Order
Export as new Build Order

Elazer Zerg 

Build Orders: Hatch First 

Get SALT Encoding   

  12  0:00  Drone  
  13  0:12  Overlord  
  13  0:16  Drone  
  14  0:30  Drone x2  
  16  0:47  Hatchery  
  15  0:51  Drone  
  15  0:54  Drone  
  17  0:57  Drone  
  18  1:08  Extractor  
  17  1:14  Spawning Pool  
  17  1:16  Drone  
  17  1:19  Drone  
  18  1:28  Drone  
  19  1:40  Drone  
  20  1:49  Drone  
  21  2:01  Queen  
  21  2:03  Zergling x2  
  21  2:07  Drone, Roach Warren  
  24  2:09  Drone  
  25  2:17  Drone  
  25  2:30  Drone  
  25  2:31  Extractor  
  25  2:33  Overlord, Hatchery  
  24  2:43  Drone  
  25  2:49  Roach  
  25  2:56  Roach x2  
  29  3:01  Spore Crawler  
  29  3:02  Roach  
  29  3:04  Overlord  
  31  3:22  Overlord, Queen  
  31  3:25  Drone  
  34  3:27  Ravager  
  34  3:29  Ravager  
  36  3:34  Roach  
  36  3:41  Roach  
  39  3:49  Drone  
  39  3:55  Queen  
  39  4:03  Overlord  
  39  4:05  Drone  
  40  4:13  Spore Crawler  
  39  4:18  Drone  
  39  4:22  Spore Crawler  
  39  4:27  Drone  
  39  4:29  Roach  
  42  4:37  Spore Crawler  
  41  4:39  Queen  
  43  4:46  Spore Crawler  
  43  4:47  Ravager  
  43  4:54  Roach  
  43  4:57  Roach  
  47  5:03  Roach  
  49  5:08  Roach  
  51  5:18  Queen  
  51  5:22  Overlord  
  51  5:32  Overlord  
  49  5:43  Roach x2  
  49  6:03  Roach x2  
  48  6:05  Ravager x3  
  48  6:06  Ravager  
  54  6:11  Roach  
  54  6:16  Spore Crawler  
  43  6:35  Roach  
  43  6:36  Roach  
Tags
 
Add a new tag
Caveats
  • Supply blocks, unpowered buildings, or Contaminate may cause inaccurate times.
  • Supply counts are checked every 10 seconds.